 Dungeon Sprint DCSS version 0.30.1-6-gbe392663c4 (webtiles) character file.

Game seed: 18018826741710862834

2062 Heoruswealwe the Impaler (level 9, 0/138 HPs)
             Began as a Minotaur Fighter on Sept 21, 2023.
             Was a Priest of the Shining One.
             Slain by a seven-headed hydra (3 damage)
             ... in the Dungeon (Sprint IX: "|||||||||||||||||||||||||||||").
             The game lasted 00:06:32 (344 turns).

Heoruswealwe the Impaler (Minotaur Fighter)          Turns: 344, Time: 00:06:32

Health: 0/138      AC: 19    Str: 28    XL:     9   Next: 5%
Magic:  8/8        EV:  8    Int:  5    God:    the Shining One [***...]
Gold:   0          SH:  0    Dex: 10    Spells: 8/8 levels left

rFire   . . .        b - +2 halberd (venom)
rCold   . . .        (shield currently unavailable)
rNeg    + . .        c - +0 plate armour
rPois   .            (helmet restricted)
rElec   .            h - +0 cloak
rCorr   .            (no gloves)
SInv    .            (no boots)
Will    .....        (no amulet) Stlth
                     k - +3 ring of strength
HPRegen 0.43/turn    j - +2 ring of protection
MPRegen 0.11/turn

%: no teleportation
@: berserking, glowing, very quick
A: horns 2, retaliatory headbutt
a: Renounce Religion, Divine Shield, Cleansing Flame


You were in the Dungeon.
You worshipped the Shining One.
The Shining One was most pleased with you.
You visited 1 branch

Inventory:

Hand Weapons
 a - a +0 trident
 b - a +2 halberd of venom (weapon)
Armour
 c - a +0 plate armour (worn)
 d - a +0 buckler of protection
 h - a +0 cloak (worn)
Jewellery
 j - a +2 ring of protection (right hand)
 k - a +3 ring of strength (left hand)
Wands
 l - a wand of acid (10)
Scrolls
 n - a scroll of blinking
Potions
 e - 5 potions of curing
 g - a potion of haste
 m - a potion of might


   Skills:
 + Level 12.7 Fighting
 * Level 17.0 Polearms
 + Level 12.7 Armour
 - Level 3.6 Shields


You had 8 spell levels left.
You didn't know any spells.
Your spell library was empty.

Dungeon Overview and Level Annotations

Branches:
Dungeon (1/1)

Altars:
Cheibriados
Dithmenos
Elyvilon
Fedhas
Gozag
Hepliaklqana
Kikubaaqudgha
Makhleb
Nemelex Xobeh
Okawaru
Qazlal
Ru
Sif Muna
Trog
Uskayaw
Vehumet
Wu Jian
Xom
Yredelemnul
Zin
The Shining One
Jiyva
Lugonu


Innate Abilities, Weirdness & Mutations

You have a pair of horns on your head.
You reflexively headbutt those who attack you in melee.


Message History

You chop one of the nine-headed hydra's heads off!
The eight-headed hydra grows two more!
You slash the ten-headed hydra!
The ten-headed hydra is poisoned.
The ten-headed hydra is severely wounded.
You slice one of the ten-headed hydra's heads off!
The nine-headed hydra grows two more!
You impale the 11-headed hydra!!
The 11-headed hydra looks as sick as possible!
You headbutt the 11-headed hydra.
You kill the 11-headed hydra!
Your Fighting skill increases to level 12!
Your Polearms skill gained 2 levels and is now at level 17!
Your Armour skill increases to level 12!
You have reached level 9!
Your experience leads to an increase in your attributes!
Your base attributes are Str 23, Int 5, Dex 10.
Increase (S)trength, (I)ntelligence, or (D)exterity?
You feel stronger. x2
Reach: b) +2 halberd (venom)
Press: ? - help, Dir - move target, f - four-headed hydra
Aim: a four-headed hydra (haloed, about 3% to evade your +2 halberd of venom)
You reach to attack!
You hack one of the four-headed hydra's heads off!
The three-headed hydra grows two more!
You impale the five-headed hydra!!
The five-headed hydra is moderately wounded.
You lop one of the five-headed hydra's heads off!
The four-headed hydra grows two more!
You puncture the six-headed hydra! You headbutt the six-headed hydra!
The six-headed hydra is heavily wounded.
The deep elf pyromancer casts a spell.
You chop one of the six-headed hydra's heads off!
The five-headed hydra grows two more!
You hit the seven-headed hydra.
The seven-headed hydra is heavily wounded.
The seven-headed hydra bites you but does no damage.
The seven-headed hydra bites you!
* * * LOW HITPOINT WARNING * * *
The seven-headed hydra bites you!
* * * LOW HITPOINT WARNING * * *
The seven-headed hydra bites you but does no damage.
The seven-headed hydra bites you.
You die... ▓▓▓▓▓▓▓▓▓▓▓▓▓▓▓▓▓▓▓▓▓▓▓▓▓▓▓▓▓▓▓▓ ________'!?)[)..@Dy[eE..°D.D.e.y ▓▓▓▓▓▓▓▓▓▓▓▓▓▓▓▓▓▓▓▓▓▓▓▓▓▓▓▓▓▓▓▓

You could see a seven-headed hydra, a deep elf pyromancer, a fire elemental (summoned) and a vampire mosquito.

Vanquished Creatures
  A hydra (D)
  A skeletal warrior (D)
  A deep elf pyromancer (D)
  A yak (D)
  An orc warrior (D)
  A black bear (D)
  2 gnoll sergeants (D)
  A killer bee (D)
  A hound (D)
  An orc wizard (D)
  A white imp (D)
  A dart slug (D)
  2 orcs (D)
  An endoplasm (D)
  2 hobgoblins (D)
  A ball python (D)
19 creatures vanquished.

Notes
Turn   | Place    | Note
-------+----------+-------------------------------------------
     0 | D        | Heoruswealwe the Minotaur Fighter began the quest for the
                  | Orb.
     0 | D        | Reached XP level 1. HP: 19/19 MP: 0/0
     7 | D        | Reached skill level 3 in Polearms
    16 | D        | Reached skill level 4 in Polearms
    22 | D        | Noticed a hound
    22 | D        | Noticed a black bear
    27 | D        | Reached XP level 2. HP: 28/28 MP: 1/1
    31 | D        | Reached skill level 5 in Fighting
    31 | D        | Reached skill level 6 in Polearms
    31 | D        | Reached skill level 5 in Armour
    31 | D        | Reached XP level 3. HP: 36/36 MP: 2/2
    38 | D        | Killed a black bear
    39 | D        | Reached skill level 8 in Polearms
    39 | D        | Reached XP level 4. HP: 30/45 MP: 3/3
    52 | D        | Found a snail-covered altar of Cheibriados.
    52 | D        | Found a shadowy altar of Dithmenos.
    52 | D        | Found a white marble altar of Elyvilon.
    52 | D        | Found a blossoming altar of Fedhas.
    52 | D        | Found an opulent altar of Gozag.
    53 | D        | Found a hazy altar of Hepliaklqana.
    54 | D        | Found a viscous altar of Jiyva.
    55 | D        | Found an ancient bone altar of Kikubaaqudgha.
    56 | D        | Found a corrupted altar of Lugonu.
    57 | D        | Found a burning altar of Makhleb.
    58 | D        | Found a sparkling altar of Nemelex Xobeh.
    59 | D        | Found an iron altar of Okawaru.
    60 | D        | Found a stormy altar of Qazlal.
    61 | D        | Found a sacrificial altar of Ru.
    62 | D        | Found a shimmering blue altar of Sif Muna.
    63 | D        | Found a bloodstained altar of Trog.
    64 | D        | Found a hide-covered altar of Uskayaw.
    65 | D        | Found a radiant altar of Vehumet.
    66 | D        | Found an ornate altar of the Wu Jian Council.
    67 | D        | Found a shimmering altar of Xom.
    68 | D        | Found a basalt altar of Yredelemnul.
    69 | D        | Found a glowing silver altar of Zin.
    70 | D        | Found a glowing golden altar of the Shining One.
    78 | D        | Became a worshipper of the Shining One
   146 | D        | Noticed a gnoll sergeant
   146 | D        | Noticed an orc warrior
   146 | D        | Noticed a gnoll sergeant
   146 | D        | Reached * piety under the Shining One
   146 | D        | Noticed a yak
   148 | D        | Reached skill level 9 in Polearms
   148 | D        | Reached XP level 5. HP: 47/52 MP: 4/4
   154 | D        | Reached skill level 10 in Polearms
   159 | D        | Killed an orc warrior
   160 | D        | Reached skill level 11 in Polearms
   160 | D        | Reached XP level 6. HP: 23/62 MP: 5/5
   165 | D        | Reached skill level 12 in Polearms
   168 | D        | HP: 2/63 [yak (13)]
   170 | D        | Killed a yak
   171 | D        | Reached skill level 13 in Polearms
   171 | D        | Reached XP level 7. HP: 28/71 MP: 6/6
   309 | D        | Noticed a deep elf pyromancer
   309 | D        | Noticed a skeletal warrior
   309 | D        | Reached ** piety under the Shining One
   309 | D        | Noticed a seven-headed hydra
   309 | D        | Noticed a four-headed hydra
   309 | D        | Noticed a deep elf pyromancer
   309 | D        | Noticed a vampire mosquito
   309 | D        | Reached *** piety under the Shining One
   310 | D        | Noticed a fire elemental
   314 | D        | Noticed a fire elemental
   314 | D        | Noticed a fire elemental
   322 | D        | Killed a deep elf pyromancer
   323 | D        | Reached skill level 14 in Polearms
   336 | D        | Killed a skeletal warrior
   337 | D        | Reached skill level 15 in Polearms
   337 | D        | Reached XP level 8. HP: 42/83 MP: 7/7
   341 | D        | Killed an 11-headed hydra
   342 | D        | Reached skill level 17 in Polearms
   342 | D        | Reached XP level 9. HP: 24/92 MP: 8/8
   344 | D        | HP: 3/138 [seven-headed hydra (12)]
   344 | D        | Slain by a seven-headed hydra

Illustrated notes

Levels and vault maps discovered:
D:        linesprint [early_d, line_temple, items_1, d_10, items_2, lair_1,
          lair_end, items_3, orc_1, orc_end, items_4, d_15, swamp_1, shoals_1,
          snake_1, spider_1, d_20, vaults_1, items_5, swamp_end, shoals_end,
          snake_end, spider_end, vaults_end, d_27, items_6, zot_1, zot_end,
          crypt_end, forest_end, elf_end, slime_end, tomb_end, abyss_end,
          pan_hell_end]

Skill      XL: |  1  2  3  4  5  6  7  8 |
---------------+-------------------------+-----
Fighting       | 4 5 6 7 8 9 11 12 | 12.7
Polearms       | 4 6 8 9 11 13 15 17 | 17.0
Armour         | 4 5 6 7 8 9 11 12 | 12.7
Shields        | |  3.6

Action                     |  1- 3 |  4- 6 |  7- 9 || total
---------------------------+-------+-------+-------++-------
  Melee: Trident           |    27 |     7 |       ||    34
         Headbutt          |     5 |     3 |     6 ||    14
         Halberd           |       |    22 |    23 ||    45
    Use: Potion            |       |     1 |     3 ||     4
         Scroll            |       |       |     1 ||     1
 Armour: Scale mail        |    12 |     1 |       ||    13
         Plate armour      |       |     5 |    17 ||    22
  Dodge: Dodged            |     8 |     7 |     5 ||    20
  Block: Buckler           |    10 |       |       ||    10
